 Dungeon Crawl Stone Soup version 0.19-a0-734-ge18daf0 (webtiles) character file.

556 AlphabetPasta the Chopper (level 7, -3/63 HPs)
             Began as a Deep Dwarf Abyssal Knight on June 22, 2016.
             Was a Priest of Lugonu.
             Killed by divine providence
             ... invoked by an orc priest
              (16 damage)
             ... on level 4 of the Dungeon.
             The game lasted 00:21:38 (2652 turns).

AlphabetPasta the Chopper (DDAK)                    Turns: 2652, Time: 00:21:38

Health: -3/63      AC:  7    Str: 17    XL:     7   Next: 8%
Magic:  7/7        EV: 12    Int: 13    God:    Lugonu [***...]
Gold:   165        SH:  0    Dex: 15    Spells: 0 memorised, 6 levels left

rFire  . . .     SeeInvis .     a - +1 hand axe
rCold  . . .     Gourm    .     f - +0 ring mail
rNeg   . . .     Faith    .     (no shield)
rPois  .         Spirit   .     (no helmet)
rElec  .         Dismiss  .     (no cloak)
rCorr  .         Reflect  .     o - +1 pair of gloves {Dex+3}
SustAt .         Harm     .     (no boots)
MR     +....                    (no amulet)
Stlth  +.........               (no ring)
                                (no ring)

@: lethally poisoned (-3 -> -3), very slightly contaminated, non-regenerating,
somewhat resistant to hostile enchantments, very unstealthy
A: damage resistance, recharge devices, sense surroundings 1, slow regeneration
3
a: Device Recharging, Depart the Abyss, Bend Space, Banish, Renounce Religion


You were on level 4 of the Dungeon.
You worshipped Lugonu.
Lugonu was most pleased with you.
You were not hungry.

You visited 1 branch of the dungeon, and saw 4 of its levels.
You visited the Abyss 1 time.

You collected 165 gold pieces.

Inventory:

Hand Weapons
 a - a +1 hand axe (weapon)
 b - a +1 arbalest
Missiles
 x - 7 bolts
Armour
 f - a +0 ring mail (worn)
 l - a +0 scale mail
 o - a +1 pair of gloves of dexterity (worn)
 u - a +0 leather armour
Jewellery
 r - a cursed -3 ring of intelligence {unknown}
 y - an uncursed ring of positive energy {unknown}
 A - an uncursed ring of sustain attributes {unknown}
 B - a +2 ring of strength {unknown}
 F - a +1 ring of protection {unknown}
Wands
 c - a wand of heal wounds (0/9)
Scrolls
 e - a scroll of identify
 h - 2 scrolls of magic mapping
Potions
 g - a potion of curing
 n - a potion of magic
 p - 2 potions of degeneration
 v - 2 potions of mutation
 z - a potion of lignification
Comestibles
 d - 3 bread rations
 j - a chunk of flesh
 q - a royal jelly
 s - a meat ration
 t - 6 fruits


   Skills:
 + Level 3.8 Fighting
 * Level 4.8 Axes
 * Level 3.0 Crossbows
 - Level 0.1 Throwing
 + Level 3.5 Armour
 + Level 3.4 Dodging
 + Level 3.6 Invocations
 - Level 1.1 Evocations


You had 6 spell levels left.
You didn't know any spells.

Dungeon Overview and Level Annotations

Branches:
Dungeon (4/15)             Temple (0/1) D:4

Altars:
Dithmenos
Kikubaaqudgha

Shops:
D:4 %


Innate Abilities, Weirdness & Mutations

You are resistant to damage.
You can recharge devices by infusing magical energy.
You passively map a small area around you.
You do not regenerate naturally.


Message History

You closely miss the adder.
The adder is moderately wounded.
The adder misses you.
The orc wizard gestures wildly while chanting.
The orc wizard blinks!
The adder barely misses you.
You closely miss the adder.
The adder is moderately wounded.
The adder barely misses you.
An orc priest comes into view.
You miss the adder.
The adder is moderately wounded.
The orc priest shouts!
The adder bites you.
* * * LOW HITPOINT WARNING * * *
You hit the adder but do no damage.
The adder is moderately wounded.
The adder bites you but does no damage.
The orc priest invokes the aid of Beogh against you.
Beogh smites you!
You die...

..#.............# ***********
*#..##..........# *****,,,,,,,,,,
.#..##.<........###,,,,,,,,,,,,,,
#...................#**,,,,,,,,,,
................#######.........,
.................................
.............o..#######.....h....
................#### #..........
.........oo..5.S@).## #.(........
................#)..###.....(....
................##....#..........
................#####............
,,,,,*...........#####...o...>.#*
,,,,,*.........#........##.....#
*,,,**..##..............##.....#
,*,,,*.#*#............####.#####
**,,,,,* #.....######.####.#


You could see an orc priest, an orc wizard, a crimson imp, an adder and an orc.

Vanquished Creatures
  An orc warrior (D:4)
  A howler monkey (D:4)
  A hound (D:4)
  2 orc priests
  Natasha (thrice) (D:2)
  2 orc wizards (D:3)
  A worker ant (D:4)
  A hound skeleton (D:4)
  6 adders
  3 gnolls (D:3)
  3 worms
  A dart slug (D:2)
  A giant gecko (D:3)
  12 orcs
  5 giant cockroaches
  12 goblins
  4 hobgoblins
  5 jackals
  2 bats
  4 giant newts
  11 kobolds
  7 rats
88 creatures vanquished.

Notes
Turn   | Place    | Note
--------------------------------------------------------------
     0 | Abyss:1  | AlphabetPasta the Deep Dwarf Abyssal Knight began the quest for the Orb.
     0 | Abyss:1  | Reached XP level 1. HP: 20/20 MP: 2/2
    27 | D:1      | Escaped the Abyss
   165 | D:1      | Reached skill level 1 in Evocations
   289 | D:1      | Reached XP level 2. HP: 21/27 MP: 3/3
   845 | D:2      | Reached XP level 3. HP: 12/33 MP: 5/5
  1061 | D:2      | Reached ** piety under Lugonu
  1247 | D:2      | Noticed Natasha
  1254 | D:2      | Killed Natasha
  1254 | D:2      | Reached skill level 3 in Axes
  1254 | D:2      | Reached XP level 4. HP: 15/42 MP: 6/6
  1332 | D:2      | Found a shadowy altar of Dithmenos.
  1453 | D:2      | Noticed Natasha
  1454 | D:2      | Killed Natasha
  1477 | D:2      | Noticed Natasha
  1491 | D:2      | Killed Natasha
  1491 | D:2      | Reached skill level 1 in Crossbows
  1539 | D:2      | Reached XP level 5. HP: 11/49 MP: 7/7
  1601 | D:3      | Found an ancient bone altar of Kikubaaqudgha.
  1887 | D:3      | Reached skill level 4 in Axes
  1887 | D:3      | Reached XP level 6. HP: 25/56 MP: 8/8
  2107 | D:3      | Reached *** piety under Lugonu
  2515 | D:4      | Found Xusixkamp's Food Emporium.
  2546 | D:4      | Noticed an orc warrior
  2638 | D:4      | Killed an orc warrior
  2638 | D:4      | Reached XP level 7. HP: 24/63 MP: 7/7
  2652 | D:4      | Killed from afar by an orc priest

Vault maps used:
D:1:      dpeg_chamrin_arrival_tetris
D:2:      first_bread, grunt_dithmenos_smoke, uniq_natasha
D:3:      minmay_wonky_spiral, lemuel_round_altar, kennysheep_donut
D:4:      serial_shops, shop, minmay_misc_feat_secret_circle

Skill      XL: |  1  2  3  4  5  6  7 |
---------------+----------------------+-----
Evocations     | 1 |  1.1
Dodging        | 2 3 |  3.4
Fighting       | 3 |  3.8
Axes           | 3 4 |  4.8
Invocations    | 3 |  3.6
Crossbows      | 1 2 3 |  3.0
Armour         | 3 |  3.5
Throwing       | |  0.1

Action                   |  1- 3 |  4- 6 |  7- 9 || total
-------------------------+-------+-------+-------++-------
Melee: Hand axe          |   131 |   171 |    14 ||   316
 Fire: Arbalest          |       |    60 |       ||    60
 Abil: Device Recharging |       |     2 |       ||     2
Evoke: Wand              |     1 |    12 |       ||    13
  Use: Scroll            |       |    13 |       ||    13
       Potion            |       |     1 |       ||     1
  Eat: Chunk             |     1 |     4 |       ||     5
       Royal jelly       |       |     1 |       ||     1
Armor: Ring mail         |    36 |    66 |    10 ||   112
Dodge: Dodged            |    63 |   109 |    11 ||   183
